 Dungeon Crawl Stone Soup version 0.27.0-1-g7a089689b8 (webtiles) character file.

Game seed: 14744724782498879754

399 MajorAdolf the Covered (level 6, -8/57 HPs)
             Began as a Naga Wanderer on Aug 3, 2021.
             Mangled by an ogre (12 damage)
             ... on level 4 of the Dungeon.
             The game lasted 00:03:29 (3848 turns).

MajorAdolf the Covered (Naga Wanderer)              Turns: 3848, Time: 00:03:30

Health: -8/57      AC:  9    Str: 12    XL:     6   Next: 84%
Magic:  6/6        EV:  7    Int: 12    God:
Gold:   178        SH:  0    Dex: 15    Spells: 5/5 levels left

rFire    . . .     SeeInvis +   o - +1 dagger (venom)
rCold    . . .     Faith    .   (no shield)
rNeg     . . .     Spirit   .   b - +2 scale mail
rPois    +         Reflect  .   j - +0 helmet
rElec    .         Harm     .   (no cloak)
rCorr    .         Rampage  .   (no gloves)
Will     .....                  (no barding)
Stlth    +.........             i - amulet of magic regeneration
HPRegen  0.19/turn              (no ring)
MPRegen  0.35/turn              (no ring)

@: short of breath, studying Unarmed Combat, very slow
A: AC +2, large, see invisible, deformed body, poison resistance, slowness 2,
spit poison 1, naga tail 1
a: Spit Poison


You were on level 4 of the Dungeon.
You visited 1 branch of the dungeon, and saw 4 of its levels.

You collected 178 gold pieces.

Inventory:

Hand Weapons
 a - a +0 mace
 d - a +0 dagger
 o - a +1 dagger of venom (weapon)
Armour
 b - a +2 scale mail (worn)
 j - a +0 helmet (worn)
Jewellery
 i - an amulet of magic regeneration (around neck)
Scrolls
 f - 4 scrolls of identify {unknown}
 g - 3 scrolls of teleportation {unknown}
 h - a scroll of enchant weapon {unknown}
 l - a scroll of holy word {unknown}
 m - a scroll of fog {unknown}
 n - a scroll of fear {unknown}
Potions
 c - a potion of curing
 e - 2 potions of flight {unknown}
 k - 2 potions of resistance {unknown}


   Skills:
 + Level 4.2 Fighting
 - Level 2.0 Maces & Flails
 - Level 1.0 Bows
 + Level 5.0 Armour
 + Level 1.1 Dodging
 - Level 3.0 Stealth


You had 5 spell levels left.
You didn't know any spells.
Your spell library was empty.

Dungeon Overview and Level Annotations

Branches:
Dungeon (4/15)
 Temple: D:4-7

Altars:
Uskayaw
Vehumet

Shops:
D:1 (


Innate Abilities, Weirdness & Mutations

Your serpentine skin is tough. (AC +2)
You have supernaturally acute eyesight. (SInv)
Armour fits poorly on your strangely shaped body.
Your system is resistant to poisons. (rPois)
You cover ground very slowly.
You can spit poison.
You have a snake-like lower body.


Message History

There are monsters nearby!
There is an open door here.
Press: ? - help, Shift-Dir - straight line, f - ogre
Aim: an ogre, wielding a +0 giant club The splash of poison hits the ogre.
The ogre is lightly wounded.
You have got your breath back.
There is a hide-covered altar of Uskayaw here.
Press: ? - help, Shift-Dir - straight line, f/p - ogre
Aim: an ogre, wielding a +0 giant club (lightly wounded)
The splash of poison misses the ogre.
You open the door. You barely miss the ogre.
The ogre is lightly wounded.
The ogre barely misses you.
You barely miss the ogre.
The ogre is lightly wounded.
The ogre hits you with a +0 giant club!!
You hit the ogre.
The ogre is poisoned.
The ogre is lightly wounded.
The ogre hits you with a +0 giant club!
You hit the ogre.
The ogre looks as sick as possible!
The ogre is moderately wounded.
You hit the ogre.
The ogre looks as sick as possible!
The ogre is heavily wounded.
You have got your breath back.
The ogre hits you with a +0 giant club!!
* * * LOW HITPOINT WARNING * * *
Unknown command.
Okay, then.
Press: ? - help, Shift-Dir - straight line, f/p - ogre
Aim: an ogre, wielding a +0 giant club (heavily wounded, extremely poisoned)
The splash of poison hits the ogre.
The ogre is severely wounded.
The ogre barely misses you.
Unknown command.
There is an open door, spattered with blood here.
Unknown command.
The ogre hits you with a +0 giant club!
You die...

♣.#......#..........##.#..
#.#.#....#.###'###........
#...#....#.# #.# #..##....
............###.###........
#.#.#.#....#.###_..'...#....
.............###.###........
......#.....)# #.# #........
..........###O###......##
...#.#..#...@.....#.#..#
.....#..##.#.#.#....#..#
...#....##.#...#....# .#
.....#..##.###.#....# #
.#.#.. #.# #.#...... .. #.#
#.#....... ..# #.#..>...8#
..# ........... ..#


You could see an ogre (extremely poisoned).

Vanquished Creatures
  A hornet (D:4)
  A jelly (D:4)
  An iguana (D:4)
  2 orc wizards (D:3)
  2 adders (D:3)
  2 dart slugs
  3 orcs (D:3)
  10 endoplasms
  4 giant cockroaches
  5 goblins
  5 hobgoblins
  8 jackals
  A quokka (D:3)
  9 ball pythons
  3 bats
  2 frilled lizards
  8 kobolds
  8 rats
75 creatures vanquished.

Vanquished Creatures (others)
  An orc (D:3)
  11 plants (D:4)
12 creatures vanquished.

Grand Total: 87 creatures vanquished

Notes
Turn   | Place    | Note
-------+----------+-------------------------------------------
     0 | D:1      | MajorAdolf the Naga Wanderer began the quest for the Orb.
     0 | D:1      | MajorAdolf set off with the following items: a +0 mace, a
                  | +2 scale mail, a potion of curing, a +0 dagger
     0 | D:1      | Reached XP level 1. HP: 21/21 MP: 1/1
   234 | D:1      | Reached XP level 2. HP: 25/28 MP: 2/2
   334 | D:1      | Reached skill level 2 in Armour
   866 | D:1      | Found Emmi Yna's Weapon Shoppe.
   885 | D:1      | Reached XP level 3. HP: 33/34 MP: 3/3
  1648 | D:2      | Found a faded altar of an unknown god.
  1777 | D:2      | Reached skill level 3 in Armour
  1795 | D:2      | You fall into a shaft and drop 1 floor!
  1831 | D:3      | Reached XP level 4. HP: 40/42 MP: 4/4
  2306 | D:3      | Found a radiant altar of Vehumet.
  2447 | D:3      | Reached XP level 5. HP: 18/49 MP: 5/5
  3283 | D:4      | Reached skill level 4 in Armour
  3617 | D:4      | Identified the +4 scale mail of Winter {Dex+2}
  3617 | D:4      | Noticed a hornet
  3619 | D:4      | Paralysed by a hornet for 2 turns
  3624 | D:4      | Killed a hornet
  3625 | D:4      | Reached skill level 5 in Armour
  3625 | D:4      | Reached skill level 1 in Dodging
  3625 | D:4      | Reached XP level 6. HP: 25/57 MP: 6/6
  3798 | D:4      | Found a hide-covered altar of Uskayaw.
  3848 | D:4      | Mangled by an ogre

Illustrated notes

Levels and vault maps discovered:
D:1:      dpeg_arrival_rooms_with_view, layout_basic, serial_shops, shop,
          serial_bayou_pond_d, minmay_hexomino_p4
D:2:      layout_rooms, serial_curves, eino_curves_02, eino_curves_01,
          eino_curves_03, dreamdust_ecumenical_altar_statues
D:3:      layout_basic, fiery_altar_vehumet, minmay_cupped
D:4:      layout_basic, mainiacjoe_overflow_tiny_flanked, lemuel_doored_altar,
          minmay_temple_entry_glass, serial_shops, nicolae_stop_n_shop_1,
          serial_forest, infiniplex_forest_clump_double,
          infiniplex_forest_end_1, infiniplex_forest_3_way,
          infiniplex_forest_straight_3, infiniplex_forest_split,
          infiniplex_forest_clump_double, infiniplex_forest_lined_ring,
          infiniplex_forest_straight_4

Skill      XL: |  1  2  3  4  5 |
---------------+----------------+-----
Armour         | 2 3 5 |  5.0
Fighting       | 4 |  4.2
Dodging        | 1 |  1.1
Maces & Flails | |  2.0
Bows           | |  1.0
Stealth        | |  3.0

Action                   |  1- 3 |  4- 6 || total
-------------------------+-------+-------++-------
Melee: Mace              |   137 |    54 ||   191
       Dagger            |       |    58 ||    58
 Abil: Spit Poison       |     1 |     7 ||     8
Armor: Scale mail        |   114 |    76 ||   190
Dodge: Dodged            |    70 |    32 ||   102
